 Dungeon Crawl Stone Soup version 0.24.0-123-gd5b16e6ec5 (webtiles) character file.

Game seed: 93765472841783436, levelgen mode: deterministic

103 Mesmaeker13 the Digger (level 4, -2/33 HPs)
             Began as a Draconian Earth Elementalist on Feb 4, 2020.
             Slain by Sigmund
             ... wielding a +0 scythe
              (9 damage)
             ... on level 2 of the Dungeon.
             The game lasted 00:01:45 (2241 turns).

Mesmaeker13 the Digger (DrEE)                       Turns: 2241, Time: 00:01:45

Health: -2/33      AC:  5    Str: 11    XL:     4   Next: 51%
Magic:  8/8        EV: 13    Int: 16    God:
Gold:   52         SH:  0    Dex: 11    Spells: 8/9 levels left

rFire    . . .     SeeInvis .   i - +2 dagger (venom)
rCold    . . .     Gourm    .   (no shield)
rNeg     . . .     Faith    .   (armour unavailable)
rPois    .         Spirit   .   (helmet restricted)
rElec    .         Reflect  .   (no cloak)
rCorr    .         Harm     .   (no gloves)
MR       .....                  (no boots)
Stlth    ++........             (no amulet)
HPRegen  0.11/turn              (no ring)
MPRegen  0.11/turn              (no ring)

@: no status effects
A: unfitting armour, cold-blooded, AC +5
a: no special abilities


You were on level 2 of the Dungeon.
You were hungry.

You visited 1 branch of the dungeon, and saw 2 of its levels.

You collected 52 gold pieces.

Inventory:

Hand Weapons
 a - a +0 spear
 i - a +2 dagger of venom (weapon)
Missiles
 b - 116 stones (quivered)
Scrolls
 d - 4 scrolls of identify {unknown}
 e - a scroll of amnesia {unknown}
 g - a scroll of magic mapping {unknown}
Potions
 h - a potion of haste {unknown}
Comestibles
 c - 3 rations
 j - a chunk of flesh


   Skills:
 + Level 2.8 Dodging
 - Level 1.7 Stealth
 + Level 3.0 Spellcasting
   Level 1.0 Transmutations
 + Level 3.9 Earth Magic


You had 8 spell levels left.
You knew the following spells:

 Your Spells              Type           Power        Failure   Level  Hunger
a - Sandblast             Erth           ###...       3%          1    #......

Your spell library contained the following spells:

 Spells                   Type           Power        Failure   Level  Hunger
 Passwall                 Tmut/Erth      ##......     11%         2    ##.....
 Stone Arrow              Conj/Erth      #.....       26%         3    ###....
 Petrify                  Tmut/Erth      ##......     56%         4    #####..
 Lee's Rapid Deconstruct  Erth           ###.......   71%         5    ######.


Dungeon Overview and Level Annotations

Branches:
Dungeon (2/15)

Altars:
Dithmenos

Annotations:
D:2 Sigmund


Innate Abilities, Weirdness & Mutations

Your plain brown scales are hard. (AC +5)
You cannot fit into any form of body armour.
You are cold-blooded and may be slowed by cold attacks.


Message History

Sigmund flickers and vanishes!
Deactivating autopickup; reactivate with Ctrl-A.
You're too confused to cast spells.
You miss something. Something hits you.
You hit something.
You bump into the rock wall.
You hear some strange, mumbled words.
A puff of flame appears from out of thin air!
The puff of flame misses you.
You bump into the rock wall.
Something hits you!
You miss something.
You feel less confused. Something hits you!
* * * LOW HITPOINT WARNING * * *
You are feeling hungry.
You completely miss something. Something hits you.
* * * LOW HITPOINT WARNING * * *
It was a potion of cancellation.
You feel magically purged. Something hits you!
You die...

#.# #.#.# #.#.# #.#.#
#.#.# .###########.#.#
......{.@.)#.#.#
.#########.#รท#.#
#.#.#.##
######.#..#.##
..........###.########
.....##..## ##........
####. ###.###.#######.
#. #.#.## #. #.##


There were no monsters in sight!

Vanquished Creatures
  Jessica (D:2)
  An adder (D:2)
  A worm (D:2)
  4 dart slugs
  7 leopard geckos
  2 bats
  A giant cockroach (D:1)
  6 goblins
  3 hobgoblins (D:1)
  6 jackals (D:1)
  7 kobolds (D:1)
  A ball python (D:1)
  3 frilled lizards (D:1)
  2 rats
45 creatures vanquished.

Notes
Turn   | Place    | Note
-------+----------+-------------------------------------------
     0 | D:1      | Mesmaeker13 the Draconian Earth Elementalist began the
                  | quest for the Orb.
     0 | D:1      | Reached XP level 1. HP: 14/14 MP: 3/3
   412 | D:1      | Reached XP level 2. HP: 20/20 MP: 5/5
   755 | D:1      | Reached XP level 3. HP: 24/26 MP: 6/6
  1853 | D:2      | Reached XP level 4. HP: 28/33 MP: 4/8
  2051 | D:2      | Found a shadowy altar of Dithmenos.
  2135 | D:2      | Noticed Jessica
  2140 | D:2      | Killed Jessica
  2228 | D:2      | Noticed Sigmund
  2241 | D:2      | Slain by Sigmund

Levels and vault maps discovered:
D:1:      dpeg_arrival_solitude, layout_basic, chequers_avenue
D:2:      layout_loops_ring, grunt_dithmenos_smoke, minmay_cut_off,
          uniq_sigmund, uniq_crazy_yiuf_cottage, uniq_jessica

Skill      XL: |  1  2  3  4 |
---------------+-------------+-----
Dodging        | 2 |  2.8
Spellcasting   | 3 |  3.0
Stealth        | |  1.7
Transmutations | |  1.0
Earth Magic    | |  3.9

Action                   |  1- 3 |  4- 6 || total
-------------------------+-------+-------++-------
Melee: Spear             |   114 |     9 ||   123
       Tailslap          |    12 |       ||    12
       Unarmed           |     1 |       ||     1
       Dagger            |       |     6 ||     6
 Cast: Sandblast         |    21 |     7 ||    28
  Use: Potion            |       |     1 ||     1
 Stab: Sleeping          |     7 |     2 ||     9
  Eat: Chunk             |     3 |     1 ||     4
Armor: Skin              |    31 |     2 ||    33
Dodge: Dodged            |    75 |    11 ||    86
